 Dungeon Crawl Stone Soup version 0.14-a0-1403-g5d3c58f (webtiles) character file.

143 PolkaDot the Cutter (level 3, -5/28 HPs)
             Began as a Vampire Death Knight on Dec 10, 2013.
             Was a Believer of Yredelemnul.
             Slain by Crazy Yiuf
             ... wielding a +4,+2 quarterstaff of chaos
              (18 damage)
             ... on Level 2 of the Dungeon.
             The game lasted 00:04:37 (1300 turns).

PolkaDot the Cutter (Vampire Death Knight)          Turns: 1300, Time: 00:05:07

HP  -5/28        AC  6     Str 12      XL: 3   Next: 73%
MP   4/4         EV 10     Int 13      God: Yredelemnul [**....]
Gold 86          SH  0     Dex 14      Spells:  0 memorised,  2 levels left

rFire  + . .     SeeInvis +     a - +1 short sword
rCold  . . .     Clarity  .     b - +0 leather armour
rNeg   . . .     Conserve .     (no shield)
rPois  .         rCorr    .     (no helmet)
rElec  .         rRot     .     (no cloak)
SustAb . .       Spirit   .     n - +2 pair of gloves
rMut   .         Warding  .     (no boots)
Saprov . . .     Stasis   .     (no amulet)
                                (no ring)
                                j - ring of protection from fire {unknown}

@: regenerating quickly, invisible (expiring), very slightly contaminated,
slightly resistant to hostile enchantments, unstealthy
A: fangs 3, see invisible, unbreathing
a: Animate Remains, Recall Undead Slaves, Injury Mirror, Renounce Religion


You were on level 2 of the Dungeon.
You worshipped Yredelemnul.
Yredelemnul was pleased with you.
You were full.

You visited 1 branch of the dungeon, and saw 2 of its levels.

You collected 86 gold pieces.

Inventory:

Hand weapons
 a - a +1,+1 short sword (weapon)
Armour
 b - a +0 leather armour (worn)
 n - a +2 pair of gloves (worn)
Scrolls
 e - 4 scrolls of remove curse {unknown}
 g - a scroll of fog {unknown}
 h - a scroll of enchant weapon I {unknown}
 k - a scroll of fear {unknown}
 m - a scroll of identify {unknown}
Jewellery
 j - a ring of protection from fire (left hand) {unknown}
Potions
 c - 2 potions of resistance {unknown}
 d - a potion of might {unknown}
 f - 3 potions of curing
 i - a potion of restore abilities {unknown}
 l - a potion of poison {unknown}


   Skills:
 + Level 2.4 Fighting
 * Level 4.0 Short Blades
 - Level 0.7 Armour
 - Level 1.1 Dodging
 - Level 2.4 Invocations


You had 2 spell levels left.
You didn't know any spells.

Dungeon Overview and Level Annotations

Branches:
Dungeon (2/16)

Altars:

Annotations:
D:2 Crazy Yiuf


Innate Abilities, Weirdness & Mutations

Your natural rate of healing is unusually fast.
You have razor-sharp teeth.*
You have supernaturally acute eyesight.
You can survive without breathing.*


Message History

Crazy Yiuf is heavily wounded.
Crazy Yiuf barely misses you.
You hit Crazy Yiuf but do no damage.
Crazy Yiuf is heavily wounded.
Crazy Yiuf hits you but does no damage.
Drink which item? (? for menu, Esc to quit)
You feel better.
It was a potion of curing.
Crazy Yiuf barely misses you.
You hit Crazy Yiuf.
Crazy Yiuf is severely wounded.
You flicker for a moment.
Crazy Yiuf barely misses you.
You closely miss Crazy Yiuf.
Crazy Yiuf is severely wounded.
You hit Crazy Yiuf.
Crazy Yiuf is almost dead.
Crazy Yiuf hits you with a quarterstaff of chaos.
You are electrocuted!
Ouch! That really hurt!
You die...
Yredelemnul claims you as an undead slave.

#########.###..##
#.......... #
###.###...#######.######.##
# #.................# #.##
#######.#################
#.## ##......# #.##
######z####### #.## #
#.....#z### ### #... #
##..z...#zz##...# #### #
####......####@g...# # #
#........## ###..)# # #
#.###.#### ### # ###.###.#
# z.zz....# #
....##..########## ### #
#.#.##.###..##.#.# #.# #
#.#.##.# #..##.#.# #.# #
#(#.##.###..#....# #.# #


You could see Crazy Yiuf, a friendly giant cockroach zombie, a friendly rat
skeleton and a friendly goblin skeleton.

Vanquished Creatures
  An adder (D:2)
  3 giant geckos
  6 bats
  7 giant cockroaches
  4 goblins
  3 hobgoblins
  5 jackals
  2 kobolds (D:1)
  A quokka (D:2)
  A ball python (D:2)
  A giant newt (D:2)
  6 rats
40 creatures vanquished.

Notes
Turn   | Place    | Note
--------------------------------------------------------------
     0 | D:1      | PolkaDot, the Vampire Death Knight, began the quest for the Orb.
     0 | D:1      | Reached XP level 1. HP: 16/16 MP: 1/1
   111 | D:1      | Reached XP level 2. HP: 8/22 MP: 2/2
   194 | D:1      | Reached skill level 3 in Short Blades
   669 | D:2      | Reached XP level 3. HP: 9/27 MP: 4/4
   679 | D:2      | Acquired Yredelemnul's second power
  1096 | D:2      | Reached skill level 4 in Short Blades
  1283 | D:2      | Noticed Crazy Yiuf
  1300 | D:2      | Slain by Crazy Yiuf

Action                   || total
-------------------------++-------
Melee: Short sword       ||   167
Invok: Animate Remains   ||     3
  Use: Potion            ||     2
 Stab: Invisible         ||     1
